 Dungeon Crawl Stone Soup version 0.29-a0-321-gf1c400731a (webtiles) character file.

Game seed: 17793735956054385132

465 Dabor the Insei (level 7, -5/67 HPs)
             Began as an Octopode Transmuter on Apr 3, 2022.
             Was a Priest of Cheibriados.
             Killed by divine providence
             ... invoked by an orc priest
              (10 damage)
             ... on level 4 of the Dungeon.
             The game lasted 00:10:30 (3936 turns).

Dabor the Insei (Octopode Transmuter)               Turns: 3936, Time: 00:10:31

Health: -5/67      AC: 23    Str: 17    XL:     7   Next: 8%
Magic:  7/11       EV:  2    Int: 23    God:    Cheibriados [***...]
Gold:   146        SH:  0    Dex: 23    Spells: 5/11 levels left

rFire   . . .      SeeInvis .   m - staff of poison
rCold   . . .      Faith    .   (no shield)
rNeg    . . .      Spirit   .   (helmet currently unavailable)
rPois   +          Reflect  .   (no amulet)
rElec   .          Harm     .   (no ring)
rCorr   .          Rampage  .   (no ring)
Will    .....      NoTele   +   (no ring)
Stlth   +.........              (no ring)
HPRegen 0.21/turn               (no ring)
MPRegen 0.12/turn               (no ring)
                                (no ring)
                                (no ring)

@: confused, tree-form, wereblooded, very slow
A: stationary, stasis, torment immunity, boosted hp, almost no armour,
(amphibious), 8 rings, (camouflage 1), (gelatinous body 1), (nimble swimmer 1),
(tentacles)
a: Renounce Religion, Bend Time, Temporal Distortion


You were on level 4 of the Dungeon.
You worshipped Cheibriados.
Cheibriados was most pleased with you.
You were a tree.
You visited 1 branch of the dungeon, and saw 4 of its levels.

You collected 146 gold pieces.

Inventory:

Hand Weapons
 k - a +1 hunting sling of flaming
Missiles
 c - 9 poisoned darts
Magical Staves
 m - a staff of poison (weapon)
Scrolls
 f - 2 scrolls of magic mapping
 j - 4 scrolls of identify {unknown}
Potions
 b - a potion of haste
 o - a potion of heal wounds {unknown}


   Skills:
 + Level 2.5 Fighting
 + Level 3.2 Dodging
 + Level 3.2 Stealth
 + Level 3.9 Unarmed Combat
 + Level 2.9 Spellcasting
 + Level 3.2 Transmutations
 * Level 3.8 Poison Magic


You had 5 spell levels left.
You knew the following spells:

 Your Spells              Type           Power      Damage    Failure   Level
a - Beastly Appendage     Tmut           36%        N/A       3%          1
b - Wereblood             Tmut           18%        N/A       4%          2
c - Spider Form           Tmut/Pois      29%        N/A       9%          3

Your spell library contained the following spells:

 Spells                   Type           Power      Damage    Failure   Level
 Ice Form                 Ice/Tmut       10%        N/A       52%         4


Dungeon Overview and Level Annotations

Branches:
Dungeon (4/15)
 Temple: D:4-7

Altars:
Cheibriados
Vehumet


Innate Abilities, Weirdness & Mutations

You are a tree.
Your roots penetrate the ground, keeping you stationary.
You cannot be teleported.
You are immune to unholy pain and torment.
Your maximum health is greatly increased.
You cannot wear most types of armour.
((You are amphibious.))
You can wear up to eight rings at the same time.
((Your skin changes colour to match your surroundings (Stealth+).))
((Your rubbery body absorbs attacks. (AC +1, EV +1)))
((You are camouflaged when in or above water. (Stealth+)))
((You have tentacles for arms and can constrict up to eight enemies at once.))


Message History

You turn into a tree.
Your roots penetrate the ground.
You lose your grip on the orc priest.
The hobgoblin hits you but does no damage.
A dart slug comes into view.
The hobgoblin hits you but does no damage.
The orc wizard hits you but does no damage.
The orc priest barely misses you.
You fail to use your ability.
The hobgoblin hits you but does no damage.
A worm comes into view.
The orc priest hits you but does no damage.
The orc wizard hits you but does no damage.
The goblin hits you but does no damage. The flow of time bends around you.
Cheibriados rebukes the orc priest.
The orc priest seems to slow down.
The orc wizard resists with some effort.
Cheibriados rebukes the goblin.
The goblin seems to slow down.
Cheibriados rebukes the hobgoblin.
The hobgoblin seems to slow down.
The hobgoblin hits you but does no damage.
The orc wizard points at you and mumbles some strange words.
You are confused.
You cannot move. (Use ctrl+direction or * direction to attack while stationary and confused.)
You cannot move. (Use ctrl+direction or * direction to attack while stationary and confused.)
You cannot move. (Use ctrl+direction or * direction to attack while stationary and confused.)
You closely miss the orc wizard.
The hobgoblin hits you but does no damage.
The goblin hits you with a +0 club.
The orc priest mumbles some strange prayers to Beogh against you.
Beogh smites you!
* * * LOW HITPOINT WARNING * * *
The orc wizard hits you but does no damage.
The hobgoblin hits you with a +0 whip!
* * * LOW HITPOINT WARNING * * *
It was a potion of flight.
Your roots keep you in place.
The orc priest calls down the wrath of Beogh upon you.
Beogh smites you!
You die...

..... ..
.....##w.
.......
....w.#
#'##..#
#.##S.#
#.##gg##.##.
#...♣o......
#.###o##.##.
#####.# o#
####.....# ..
##.....#..#
..#
##..###.#..#
...
##..##...#.##
.#.#
#..##...##.#
.#..
#.##....#).#


You could see a worm, an orc priest (slow), an orc wizard, an adder, a dart
slug, an orc, a hobgoblin (fast, slow) and a goblin (slow).

Vanquished Creatures
  A black bear (D:4)
  An ogre (D:4)
  A scorpion (D:3)
  A hound (D:3)
  An orc priest (D:3)
  An orc wizard (D:4)
  Robin (D:3)
  An adder (D:4)
  4 gnolls (D:3)
  A worm (D:2)
  3 dart slugs
  4 orcs
  3 ball pythons
  6 bats
  8 endoplasms
  2 giant cockroaches
  12 goblins
  7 hobgoblins
  4 jackals (D:1)
  7 kobolds
  2 quokkas
  2 frilled lizards
  8 rats
  A spectral hobgoblin (D:1)
82 creatures vanquished.

Notes
Turn   | Place    | Note
-------+----------+-------------------------------------------
     0 | D:1      | Dabor the Octopode Transmuter began the quest for the Orb.
     0 | D:1      | Reached XP level 1. HP: 13/13 MP: 3/3
   271 | D:1      | Found a faded altar of an unknown god.
   279 | D:1      | Reached XP level 2. HP: 15/18 MP: 3/5
   284 | D:1      | Prayed at the altar of an unknown god.
   284 | D:1      | Became a worshipper of Cheibriados the Contemplative
   284 | D:1      | Reached * piety under Cheibriados
   720 | D:1      | Learned a level 2 spell: Wereblood
  1135 | D:2      | Reached XP level 3. HP: 14/23 MP: 3/6
  1389 | D:2      | Reached ** piety under Cheibriados
  1538 | D:2      | Found a radiant altar of Vehumet.
  2132 | D:3      | Reached skill level 1 in Poison Magic
  2203 | D:3      | Reached skill level 1 in Stealth
  2203 | D:3      | Reached XP level 4. HP: 14/28 MP: 7/7
  2485 | D:3      | Reached XP level 5. HP: 31/34 MP: 8/8
  2489 | D:3      | Learned a level 3 spell: Spider Form
  2813 | D:3      | Reached *** piety under Cheibriados
  2876 | D:3      | Noticed Robin
  2883 | D:3      | Killed Robin
  3341 | D:3      | Reached XP level 6. HP: 39/39 MP: 8/10
  3569 | D:4      | Noticed a black bear
  3573 | D:4      | HP: 1/39 [black bear (2)]
  3580 | D:4      | Killed a black bear
  3733 | D:4      | Reached XP level 7. HP: 23/45 MP: 7/11
  3936 | D:4      | Killed from afar by an orc priest

Illustrated notes

Levels and vault maps discovered:
D:1:      ncdulo_lavacross, layout_rooms,
          dreamdust_ecumenical_altar_drowned_temple, minmay_misc_feat_enclosed
D:2:      layout_loops_corners, basic_altar, hangedman_decor_growths
D:3:      layout_loops_corners, minmay_misc_feat_rugged, uniq_robin
D:4:      minmay_evil_eye, layout_basic, serial_bayou_ford_a,
          lightli_corner_chamber

Skill      XL: |  1  2  3  4  5  6 |
---------------+-------------------+-----
Poison Magic   | 1 2 3 |  3.8
Stealth        | 1 2 3 |  3.2
Fighting       | 2 |  2.5
Transmutations | 3 |  3.2
Dodging        | 3 |  3.2
Unarmed Combat | |  3.9
Spellcasting   | |  2.9

Action                   |  1- 3 |  4- 6 |  7- 9 || total
-------------------------+-------+-------+-------++-------
Melee: Unarmed           |    83 |    46 |       ||   129
       Constrict         |    23 |    11 |     5 ||    39
       Tentacles         |    18 |    10 |     3 ||    31
       Kick              |     9 |     7 |     2 ||    18
       Punch             |       |     2 |       ||     2
       Staff             |       |    31 |    10 ||    41
 Fire: Hunting sling     |    12 |     5 |       ||    17
Throw: Dart              |       |    10 |       ||    10
 Cast: Beastly Appendage |    12 |     3 |     1 ||    16
       Wereblood         |     3 |     5 |     2 ||    10
       Spider Form       |       |     4 |       ||     4
Invok: Bend Time         |       |     1 |     1 ||     2
  Use: Potion            |     1 |     3 |     2 ||     6
       Scroll            |     2 |     5 |       ||     7
 Stab: Sleeping          |    14 |     5 |     1 ||    20
Armor: Skin              |     7 |     7 |    11 ||    25
Dodge: Dodged            |    44 |    61 |     9 ||   114

Table legend: (Time is in decaauts)
 A = Elapsed time spent in this place.
 B = Non-inter-level travel time spent in this place.
 C = Inter-level travel time spent in this place.
 D = Time resting spent in this place.
 E = Time spent auto-exploring this place.
 F = Levels seen in this place.
 G = Mean time per level.
                   A        B        C        D        E       F      G
               +--------+--------+--------+--------+--------+-----+--------+
         Total |   4984 |   4843 |    141 |    864 |   3114 |   4 | 1246.0 |
       Dungeon |   4984 |   4843 |    141 |    864 |   3114 |   4 | 1246.0 |
               +--------+--------+--------+--------+--------+-----+--------+

Top non-repeatable levels by time:
     D:3: 1905 daAuts
     D:2: 1605 daAuts
     D:1: 963 daAuts
     D:4: 510 daAuts
